Map: Rosebud LE

Players

Faust - Winner!

  • Race: Zerg Zerg
  • League: Diamond
  • Spawn Location: 5:00

Cthulhu - Winner!

  • Race: Zerg Zerg
  • Spawn Location: 5:00

Throwfordays - Winner!

  • Race: Protoss Protoss
  • Spawn Location: 5:00

murKENuhm

  • Race: Zerg Zerg
  • Spawn Location: 11:00

Elasmus

  • Race: Terran Terran
  • League: Silver
  • Spawn Location: 11:00

RyanSpinnaz

  • Race: Terran Terran
  • Spawn Location: 11:00

VOD

Have the link to the VOD?

Description

Time

  • Played on: Aug. 4, 2019, 6:23 p.m.
  • Length: 14:03
Show
View Real Time Build Order
Export as new Build Order

Faust Zerg - Winner!

Build Orders: Hatch First, Lurkers 

Get SALT Encoding   

  12  0:01  Drone  
  13  0:10  Drone  
  14  0:15  Extractor  
  14  0:16  Drone  
  15  0:24  Overlord  
  15  0:42  Drone x2  
  17  0:56  Hatchery  
  16  0:59  Drone  
  17  1:07  Extractor  
  17  1:08  Drone  
  17  1:18  Spawning Pool  
  17  1:24  Drone  
  17  1:27  Drone  
  17  1:30  Drone  
  19  1:38  Overlord  
  19  1:54  Drone  
  19  2:00  Drone  
  21  2:09  Metabolic Boost  
  21  2:11  Drone  
  21  2:13  Drone  
  21  2:15  Queen  
  25  2:20  Queen  
  27  2:27  Drone x2  
  29  2:32  Overlord  
  29  3:00  Zergling x8  
  29  3:01  Zergling x2  
  29  3:04  Lair  
  29  3:05  Overlord  
  34  3:20  Evolution Chamber  
  34  3:21  Zergling x2, Evolution Chamber  
  34  3:22  Zergling x2  
  34  3:34  Zergling x16  
  42  3:46  Zerg Melee Weapons Level 1  
  42  3:53  Drone x2  
  44  3:59  Drone x2  
  46  4:19  Hatchery  
  46  4:31  Drone  
  46  4:32  Drone x5  
  46  4:33  Baneling Nest  
  47  4:50  Zergling x6  
  47  4:51  Zergling x4  
  51  4:54  Overlord  
  51  4:56  Zerg Ground Armor Level 1  
  41  5:24  Drone x2  
  41  5:25  Drone x3  
  41  5:26  Drone x3  
  41  5:27  Extractor  
  47  5:30  Extractor, Drone  
  47  5:38  Spore Crawler x2  
  47  5:40  Spore Crawler  
  47  5:42  Spore Crawler  
  41  5:47  Extractor  
  41  5:48  Hydralisk Den  
  41  5:49  Spore Crawler  
  35  5:51  Spore Crawler, Drone x4  
  35  5:52  Drone  
  39  6:00  Queen  
  39  6:01  Drone  
  39  6:02  Drone x4  
  46  6:12  Drone  
  46  6:13  Drone x3  
  46  6:14  Drone  
  46  6:15  Drone  
  52  6:45  Drone x7  
  52  6:46  Drone x2  
  61  6:54  Zerg Melee Weapons Level 2, Zerg Ground Armor Level 2  
  61  6:58  Hatchery  
  61  7:01  Infestation Pit  
  59  7:05  Drone  
  59  7:06  Drone x6  
  59  7:08  Extractor  
  65  7:10  Extractor  
  65  7:11  Overlord x2  
  64  7:24  Muscular Augments  
  64  7:30  Drone x3  
  64  7:31  Drone x3  
  70  7:44  Extractor  
  69  7:47  Extractor  
  69  7:48  Drone x4  
  69  7:49  Drone x2  
  74  8:08  Hatchery  
  74  8:09  Overlord x4  
  73  8:26  Lurker Den  
  72  8:36  Drone x2, Grooved Spines  
  72  8:37  Drone x2  
  72  8:40  Hydralisk x5  
  72  8:41  Hydralisk x10  
  86  8:42  Hydralisk  
  108  8:51  Queen  
  108  8:52  Drone  
  108  8:53  Drone  
  112  8:55  Overlord  
  112  8:56  Overlord x2  
  112  8:59  Overseer  
  112  9:03  Hive  
  112  9:05  Burrow  
  112  9:07  Pneumatized Carapace  
  112  9:11  Pathogen Glands  
  112  9:26  Zerg Missile Weapons Level 1  
  112  9:34  Centrifical Hooks  
  112  9:35  Spore Crawler  
  112  9:36  Spore Crawler, Drone  
  112  9:37  Drone x11  
  123  10:21  Lurker x3  
  123  10:22  Lurker x6  
  123  10:23  Hydralisk x5  
  141  10:31  Drone  
  141  10:33  Overlord x6  
  141  10:34  Overlord x3  
  141  10:35  Adaptive Talons  
  142  10:43  Ultralisk Cavern  
  141  11:15  Infestor x4  
  141  11:16  Infestor x2  
  153  11:19  Zergling x14  
  153  11:20  Zergling x14  
  167  11:28  Extractor, Drone  
  167  11:29  Extractor, Drone x3  
  169  11:34  Chitinous Plating  
  169  11:36  Adrenal Glands  
  169  11:38  Zerg Missile Weapons Level 2  
  169  12:01  Baneling x13  
  169  12:02  Baneling x12  
  137  12:46  Zergling x28  
  137  12:47  Zergling x26  
  164  12:53  Anabolic Synthesis  
  98  13:41  Drone x3  
  100  13:46  Drone x4  
  100  13:47  Drone x2  
Show
View Real Time Build Order
Export as new Build Order

Cthulhu Zerg - Winner!

Build Orders: Pool First 

Get SALT Encoding   

  12  0:01  Drone  
  13  0:08  Drone  
  14  0:21  Extractor  
  14  0:23  Drone  
  15  0:30  Overlord  
  15  0:42  Spawning Pool  
  14  0:50  Drone  
  14  0:53  Drone x2  
  17  1:03  Drone  
  18  1:09  Extractor  
  17  1:28  Hatchery  
  16  1:34  Drone  
  16  1:35  Zergling x2  
  16  1:37  Drone  
  19  1:50  Drone  
  20  2:01  Drone  
  21  2:09  Extractor  
  21  2:13  Drone  
  21  2:27  Evolution Chamber  
  20  2:30  Evolution Chamber  
  20  2:36  Drone x2, Evolution Chamber  
  20  2:42  Lair, Drone  
  20  2:43  Drone  
  23  2:59  Roach Warren  
  23  3:03  Zerg Ground Armor Level 1  
  22  3:06  Drone x4  
  26  3:22  Metabolic Boost  
  26  3:26  Drone, Overlord  
  27  3:28  Zergling x2  
  27  3:32  Extractor  
  27  3:33  Drone  
  28  3:56  Zerg Missile Weapons Level 1  
  28  4:01  Glial Reconstitution  
  28  4:03  Drone x6  
  33  4:26  Drone  
  33  4:27  Drone, Overlord  
  35  4:36  Hydralisk Den  
  34  4:38  Overlord  
  34  4:45  Extractor  
  33  4:49  Drone  
  33  4:50  Drone x3  
  33  4:52  Queen  
  39  4:53  Queen  
  39  4:58  Zerg Ground Armor Level 2  
  40  5:32  Pneumatized Carapace  
  40  5:44  Hydralisk x5  
  40  5:46  Spore Crawler  
  49  5:52  Spore Crawler x2  
  49  5:53  Spore Crawler  
  46  5:58  Spore Crawler  
  46  6:02  Spore Crawler  
  46  6:03  Spore Crawler  
  43  6:04  Hydralisk  
  43  6:05  Hydralisk x2  
  49  6:15  Muscular Augments  
  49  6:21  Drone x2  
  49  6:22  Overlord  
  49  6:23  Overlord  
  51  6:48  Overseer  
  51  6:50  Overlord x2  
  51  6:55  Drone  
  51  6:56  Drone x3  
  55  7:16  Hatchery  
  54  7:23  Infestation Pit  
  54  7:25  Drone x5  
  58  7:40  Drone  
  58  7:41  Drone x5  
  64  7:52  Hydralisk  
  64  7:53  Hydralisk  
  68  8:10  Hydralisk  
  68  8:11  Hydralisk x2  
  74  8:13  Overlord x2  
  74  8:26  Overlord x3  
  74  8:53  Drone  
  74  8:54  Drone x6  
  81  9:03  Grooved Spines  
  81  9:06  Hive  
  81  9:08  Burrow  
  81  9:26  Lurker Den  
  81  9:28  Zerg Missile Weapons Level 2  
  80  9:38  Drone x5  
  81  9:39  Drone x4  
  81  9:42  Extractor  
  88  9:53  Queen  
  88  9:58  Hatchery  
  89  10:05  Drone  
  89  10:06  Drone x5  
  95  10:14  Extractor  
  95  10:17  Hydralisk  
  95  10:20  Infestor x4  
  95  10:21  Infestor  
  106  10:38  Infestor x2  
  106  10:39  Hydralisk  
  106  10:40  Hydralisk x4  
  118  11:10  Hydralisk x4  
  118  11:11  Hydralisk  
  126  11:12  Overlord x4  
  126  11:13  Overlord x2  
  128  11:43  Drone x3  
  128  11:44  Drone  
  128  11:45  Drone x9  
  119  12:23  Hydralisk x3  
  118  12:50  Lurker x3  
  105  13:18  Hydralisk  
  105  13:19  Infestor  
  107  13:20  Zergling x2, Infestor x2  
  107  13:21  Zergling x26  
  107  13:22  Zergling x24  
  133  13:31  Hydralisk x5  
Show
View Real Time Build Order
Export as new Build Order

Throwfordays Protoss - Winner!

Build Orders: 1 Gate Expand 

Get SALT Encoding   

  12  0:00  Probe  
  13  0:13  Probe  
  14  0:18  Pylon  
  14  0:25  Probe  
  15  0:38  Gateway  
  15  0:40  Probe  
  16  0:47  Assimilator  
  16  0:53  Probe  
  17  1:05  Probe  
  18  1:18  Probe  
  19  1:30  Probe  
  20  1:34  Nexus  
  20  1:43  Assimilator  
  20  1:44  Probe  
  21  1:50  Pylon  
  21  1:56  Probe  
  22  2:07  Cybernetics Core  
  22  2:08  Probe  
  23  2:21  Probe  
  24  2:24  Gateway  
  24  2:31  Gateway  
  24  2:41  Warp Gate  
  24  2:42  Gateway  
  24  2:46  Probe  
  24  2:48  Probe  
  26  3:00  Forge  
  26  3:03  Probe  
  26  3:04  Probe  
  27  3:11  Probe  
  28  3:16  Probe  
  30  3:22  Probe  
  31  3:28  Probe  
  31  3:29  Assimilator  
  31  3:34  Probe  
  33  3:35  Robotics Facility  
  33  3:41  Probe  
  34  3:46  Probe  
  35  3:53  Assimilator, Probe  
  36  3:58  Probe  
  37  4:06  Probe  
  38  4:10  Probe  
  39  4:19  Probe, Immortal  
  44  4:30  Pylon  
  44  4:31  Pylon  
  44  4:32  Pylon  
  44  4:34  Pylon  
  44  4:35  Pylon, Adept  
  46  4:48  Probe x2  
  48  4:55  Nexus  
  48  4:58  Pylon  
  48  5:00  Probe x2  
  48  5:01  Immortal  
  48  5:03  Adept  
  52  5:12  Probe x2  
  58  5:27  Assimilator  
  58  5:29  Assimilator  
  58  5:31  Adept x3  
  58  5:32  Adept  
  66  5:41  Immortal  
  70  5:45  Stargate  
  70  5:55  Probe  
  71  5:58  Probe  
  72  6:07  Probe  
  72  6:09  Stargate  
  72  6:10  Probe  
  74  6:11  Pylon  
  74  6:13  Pylon  
  74  6:19  Probe x2  
  74  6:22  Probe  
  77  6:27  Pylon  
  77  6:30  Pylon  
  77  6:31  Probe x2  
  77  6:32  Probe  
  79  6:36  Pylon  
  80  6:40  Probe  
  80  6:43  Probe x2  
  83  6:49  Probe  
  83  6:50  Stargate  
  83  6:51  Stargate  
  83  6:54  Probe  
  84  6:55  Stargate, Probe  
  84  6:57  Protoss Ground Weapons Level 1  
  84  7:00  Protoss Air Weapons Level 1  
  84  7:01  Probe  
  87  7:02  Probe  
  88  7:09  Fleet Beacon  
  88  7:11  Probe  
  88  7:13  Probe  
  90  7:23  Probe  
  90  7:24  Phoenix x2  
  95  7:31  Nexus  
  95  7:33  Pylon  
  95  7:35  Probe  
  96  7:40  Probe  
  96  7:43  Probe  
  98  7:47  Probe  
  99  7:52  Probe  
  99  7:53  Phoenix x2  
  99  7:55  Probe  
  99  7:56  Phoenix  
  99  7:57  Anion Pulse-Crystals  
  107  7:59  Phoenix  
  107  8:00  Probe  
  107  8:03  Phoenix  
  107  8:05  Probe  
  113  8:08  Probe  
  113  8:12  Probe  
  115  8:15  Assimilator  
  115  8:17  Probe  
  116  8:20  Assimilator, Probe  
  116  8:24  Probe  
  118  8:28  Void Ray  
  118  8:29  Void Ray x2, Probe  
  118  8:32  Probe  
  132  8:34  Void Ray  
  136  8:44  Void Ray  
  140  9:11  Pylon x2, Protoss Shields Level 1  
  140  9:14  Pylon  
  140  9:16  Pylon  
  140  9:19  Pylon, Void Ray x4  
  140  9:21  Pylon  
  156  9:26  Protoss Air Weapons Level 2  
  156  9:27  Cybernetics Core  
  156  9:28  Forge  
  156  9:32  Probe  
  156  9:35  Probe  
  158  9:44  Probe  
  159  9:46  Void Ray  
  159  9:47  Probe  
  164  9:56  Protoss Ground Armor Level 1, Probe  
  164  9:59  Probe  
  166  10:00  Nexus  
  166  10:05  Pylon  
  166  10:07  Protoss Air Armor Level 1  
  166  10:08  Assimilator  
  166  10:12  Assimilator  
  166  10:19  Twilight Council  
  166  10:28  Carrier  
  166  10:29  Carrier x2  
  166  10:30  Carrier x2  
  196  10:45  Adept  
  196  10:46  Adept  
  200  10:55  Resonating Glaives  
Show
View Real Time Build Order
Export as new Build Order

murKENuhm Zerg 

Build Orders: Pool First 

Get SALT Encoding   

  12  0:03  Drone  
  13  0:12  Drone  
  14  0:28  Spawning Pool  
  14  0:30  Drone  
  14  0:40  Extractor  
  14  0:41  Drone  
  14  0:53  Extractor, Overlord  
  14  0:56  Drone  
  14  1:13  Drone  
  14  1:14  Drone  
  14  1:16  Drone  
  17  1:21  Queen  
  19  1:28  Drone  
  20  1:37  Drone  
  21  1:47  Drone  
  22  2:00  Lair  
  22  2:02  Overlord  
  22  2:09  Metabolic Boost  
  22  2:25  Spore Crawler  
  21  2:33  Spore Crawler  
  21  2:36  Drone x3  
  23  2:47  Spore Crawler  
  22  3:18  Queen  
  24  3:23  Hatchery  
  23  3:44  Spire  
  22  4:37  Drone  
  20  4:56  Mutalisk x6  
  20  4:57  Mutalisk x2  
  36  5:58  Overlord  
  36  5:59  Overlord x6  
  36  6:33  Hatchery  
  35  6:44  Drone x3  
  35  6:45  Drone  
  39  7:00  Queen  
  41  7:07  Zerg Flyer Weapons Level 1  
  41  8:01  Drone  
  41  8:02  Drone  
  41  8:04  Drone x6  
  41  8:05  Drone x3  
  52  8:20  Extractor, Drone x2  
  52  8:21  Extractor  
  52  8:22  Drone  
  53  8:33  Mutalisk  
  53  8:34  Mutalisk x2  
  53  8:36  Mutalisk x2  
  53  8:37  Mutalisk  
  65  8:58  Drone  
  65  8:59  Drone x2  
  68  9:05  Zerg Flyer Armor Level 1  
  68  9:13  Spire  
  68  9:15  Drone, Infestation Pit  
  68  9:16  Drone x2  
  69  9:19  Pneumatized Carapace  
  70  9:56  Mutalisk x2  
  70  9:57  Mutalisk x4  
  70  9:58  Hatchery  
  81  10:02  Mutalisk  
  84  10:14  Hive  
  84  10:18  Overlord x3  
  84  10:47  Mutalisk x5  
  94  11:01  Hatchery  
  93  11:12  Mutalisk x3  
  99  11:27  Queen  
  99  11:31  Overlord x4  
  101  11:35  Zerg Flyer Weapons Level 2  
  42  13:21  Corruptor x6  
  42  13:24  Corruptor x4  
  42  13:25  Corruptor x2  
  66  13:44  Drone x3  
Show
View Real Time Build Order
Export as new Build Order

Elasmus Terran 

Build Orders:  

Get SALT Encoding   

  12  0:02  SCV  
  13  0:15  Supply Depot  
  13  0:18  SCV  
  14  0:39  Barracks  
  14  0:41  SCV  
  15  0:53  SCV  
  15  0:57  Refinery  
  16  1:06  Refinery  
  16  1:07  SCV  
  17  1:23  SCV  
  18  1:27  Supply Depot  
  18  1:36  Marine  
  19  1:42  SCV  
  20  1:54  SCV  
  20  1:57  Factory  
  21  2:06  SCV  
  22  2:18  SCV  
  23  2:30  SCV  
  24  2:43  Starport  
  24  2:46  SCV  
  25  2:53  Command Center  
  25  2:58  Factory Reactor  
  25  3:20  Starport Reactor  
  25  3:36  Widow Mine  
  27  3:46  SCV, Armory  
  28  3:59  Supply Depot  
  28  4:05  SCV  
  29  4:10  Refinery  
  29  4:17  SCV  
  29  4:22  Supply Depot  
  30  4:26  Widow Mine  
  30  4:30  SCV  
  33  4:33  Viking  
  33  4:36  Viking  
  37  4:42  SCV  
  37  4:45  Supply Depot  
  38  5:07  Supply Depot  
  38  5:31  Supply Depot  
  38  5:34  Viking x2  
  42  5:39  Widow Mine  
  45  6:05  Orbital Command  
  45  6:10  Orbital Command  
  44  6:29  Liberator x2  
  50  6:38  Starport  
  50  6:44  Starport  
  50  6:54  Starport  
  50  7:03  Supply Depot  
  50  7:08  Terran Ship Weapons Level 1  
  50  7:25  Supply Depot  
  50  7:40  Starport Reactor  
  50  7:41  Starport Reactor  
  50  7:47  Starport  
  50  7:48  Supply Depot  
  50  8:15  Supply Depot  
  50  8:21  SCV  
  51  8:27  Starport  
  51  8:33  Refinery, SCV  
  52  8:37  Supply Depot  
  52  8:46  SCV  
  53  8:54  Starport Tech Lab  
  53  8:56  Viking  
  53  8:57  Viking x5  
  53  8:58  SCV  
  66  9:10  SCV  
  67  9:22  SCV  
  68  9:26  Viking  
  68  9:27  Viking x5  
  80  9:42  Factory Tech Lab  
  80  9:47  Terran Ship Weapons Level 2  
  80  9:56  Viking  
  80  10:35  Liberator  
  80  10:36  Liberator x3  
  80  10:37  Liberator  
  80  10:38  Liberator  
  98  10:58  Fusion Core  
  98  11:07  Liberator  
  101  12:04  Viking  
  101  12:05  Viking x6  
  101  12:06  Viking  
  117  12:21  Viking  
  119  12:34  Viking  
  119  12:35  Viking x2  
Show
View Real Time Build Order
Export as new Build Order

RyanSpinnaz Terran 

Build Orders:  

Get SALT Encoding   

  12  0:18  SCV  
  13  0:30  Supply Depot, SCV  
  14  0:42  SCV  
  15  0:54  SCV, Barracks  
  16  0:58  Barracks  
  16  1:02  Refinery  
  16  1:06  SCV  
  17  1:16  Refinery  
  17  1:22  SCV  
  18  1:34  SCV  
  19  1:44  Supply Depot, Barracks Tech Lab  
  19  1:49  SCV  
  20  1:57  Barracks Reactor  
  20  2:01  SCV  
  20  2:05  Marine  
  22  2:17  Engineering Bay  
  22  2:20  Combat Shield  
  22  2:23  Marine  
  23  2:34  Marine x2  
  25  2:41  Marine  
  26  2:47  Supply Depot  
  26  2:52  Marine x2  
  26  2:56  Factory  
  28  2:58  Marine  
  28  3:05  Terran Infantry Weapons Level 1  
  29  3:09  Marine  
  30  3:18  Supply Depot  
  30  3:22  Marine x2  
  32  3:27  Marine  
  33  3:47  Factory Tech Lab  
  33  4:12  Siege Tank  
  33  4:13  Command Center  
  35  4:29  Marine  
  35  4:30  Marine x2  
  29  4:47  Marine  
  29  4:48  Marine x2  
  30  5:05  Marine x2  
  32  5:07  Marine  
  25  5:23  Marine x2  
  25  5:28  Siege Tank  
  30  5:29  Marine  
  31  5:41  Marine  
  32  6:00  Siege Tank  
  35  6:09  Command Center  
  34  6:30  Marine x3  
  34  6:32  Siege Tank  
  40  6:47  Marine  
  41  6:55  Marine  
  41  6:56  Marine  
  43  7:05  Marine  
  44  7:13  Marine x2  
  46  7:23  Marine  
  47  7:31  Marine, SCV  
  49  7:39  Siege Tank  
  49  7:43  SCV  
  49  7:44  Marine x2  
  55  7:55  SCV  
  56  7:59  Marine  
  56  8:02  Marine x2  
  59  8:07  Supply Depot, SCV  
  60  8:17  Marine  
  60  8:19  SCV, Orbital Command  
  61  8:35  Marine  
  61  8:36  Marine x2  
  64  8:44  Supply Depot  
  64  8:53  Marine x2  
  64  8:54  Marine  
  64  8:55  SCV  
  68  9:07  SCV  
  69  9:11  Marine  
  70  9:20  Supply Depot  
  67  9:27  Marine x2  
  67  9:29  Marine  
  70  9:35  Terran Infantry Armor Level 1  
  70  9:42  Armory  
  70  9:45  Marine x2  
  70  9:47  Marine, Siege Tank  
  76  9:59  Supply Depot  
  75  10:03  Marine  
  76  10:07  Marine x2  
  78  10:21  Marine  
  79  10:25  Marine x2  
  81  10:39  Marine  
  82  10:42  Marine  
  82  10:43  Marine  
  84  10:56  Marine  
  85  11:00  Marine x2, Supply Depot  
  87  11:14  Marine  
  87  11:15  Supply Depot  
  87  11:18  Marine x2  
  88  11:19  Siege Tank  
  93  11:29  Terran Infantry Weapons Level 2  
  93  11:32  Marine  
  94  11:36  Marine x2  
  96  11:42  Supply Depot  
  96  11:50  Marine  
  96  11:51  Siege Tank  
  96  11:54  Marine x2  
  102  12:08  Marine  
  103  12:12  Marine  
  64  12:37  Marine x3  
  67  12:55  Marine x3  
  59  13:13  Marine x3  
  62  13:29  SCV  
  62  13:30  Marine  
  62  13:31  Marine x2  
  64  13:41  SCV  
Tags
 
Add a new tag
Caveats
  • Supply blocks, unpowered buildings, or Contaminate may cause inaccurate times.
  • Supply counts are checked every 10 seconds.